 Dungeon Crawl Stone Soup version 0.26-a0-757-g626ac9e51a (webtiles) character file.

Game seed: 17656784265238427463

103 tatingo the Sneak (level 4, 0/23 HPs)
             Began as a Spriggan Brigand on Nov 7, 2020.
             Killed by nerve-wracking pain
             ... invoked by Grinder
              (7 damage)
             ... on level 3 of the Dungeon.
             The game lasted 00:07:13 (4531 turns).

tatingo the Sneak (Spriggan Brigand)                Turns: 4531, Time: 00:07:15

Health: 0/23       AC:  3    Str:  8    XL:     4   Next: 51%
Magic:  5/5        EV: 18    Int: 12    God:
Gold:   108        SH:  0    Dex: 17    Spells: 3/3 levels left

rFire    . . .     SeeInvis +   a - +2 dagger
rCold    . . .     Faith    .   (shield restricted)
rNeg     . . .     Spirit   .   b - +0 robe
rPois    .         Reflect  .   (helmet restricted)
rElec    .         Harm     .   c - +0 cloak
rCorr    .         Rampage  .   (gloves unavailable)
MR       .....                  (boots unavailable)
Stlth    ++++......             (no amulet)
HPRegen  0.07/turn              (no ring)
MPRegen  0.09/turn              (no ring)

@: very quick
A: very small, unfitting armour, see invisible, speed 3
a: no special abilities


You were on level 3 of the Dungeon.
You visited 1 branch of the dungeon, and saw 4 of its levels.

You collected 108 gold pieces.

Inventory:

Hand Weapons
 a - a +2 dagger (weapon)
Missiles
 d - 22 poisoned darts
 s - 4 atropa-tipped darts (quivered)
Armour
 b - a +0 robe (worn)
 c - a +0 cloak (worn)
Jewellery
 f - an uncursed ring of see invisible {unknown}
Scrolls
 h - a scroll of enchant armour {unknown}
 i - 3 scrolls of identify {unknown}
 j - a scroll of magic mapping {unknown}
 m - a scroll of noise {unknown}
 n - a scroll of teleportation {unknown}
 o - a scroll of remove curse {unknown}
 q - a scroll of enchant weapon {unknown}
 r - a scroll of fog {unknown}
Potions
 e - a potion of brilliance {unknown}
 g - a potion of cancellation {unknown}
 k - a potion of invisibility {unknown}
 l - a potion of curing
 p - a potion of heal wounds {unknown}


   Skills:
 + Level 1.7 Fighting
 + Level 3.1 Short Blades
 + Level 2.3 Throwing
 + Level 2.6 Dodging
 + Level 7.7 Stealth


You had 3 spell levels left.
You didn't know any spells.
Your spell library was empty.

Dungeon Overview and Level Annotations

Branches:
Dungeon (4/15)
 Temple: D:4-7

Altars:
Cheibriados
Hepliaklqana
Nemelex Xobeh
Vehumet

Annotations:
D:3 Grinder


Innate Abilities, Weirdness & Mutations

You are very small and have problems with some larger weapons.
You are too small for most types of armour.
You have supernaturally acute eyesight. (SInv)
You cover ground extremely quickly.


Message History

Grinder is no longer blind.
Grinder gestures at you. You resist with some effort.
You hit Grinder.
Grinder is severely wounded.
Grinder gestures at you. Pain shoots through your body!
You are too injured to fight recklessly!
You are too injured to fight recklessly!
You are too injured to fight recklessly!
You are too injured to fight recklessly!
You are too injured to fight recklessly!
Throwing (i - inventory. (/) - cycle)
s - 5 atropa-tipped darts (quivered)
Press: ? - help, Shift-Dir - straight line, f/p - Grinder
Aim: Grinder (severely wounded, chance to blind on hit: 64%)
You throw an atropa-tipped dart.
The atropa-tipped dart closely misses Grinder.
Grinder gestures at you. Pain shoots through your body!
You die...

#######.######### ####
.....##..# ##### #... ..
.....###.###...... ... ..#
.....##...........##.# ..#
...## ............#...
...###..#.. .. ..........(.#
#..#....#.# ............##
####...).....#
.............###.5......##.#
.....####..#....@.(#.......#
# ######
##).####....>......#### #
#.........#####.......####
#.........# ##...........
#.....(...# ##....#.......
#.........# #.....# #..#..
##.........###.#...# #..#..
#...........##.#...###.#..#
#.###...##..(......##.....#


You could see Grinder.

Vanquished Creatures
  3 adders (D:3)
  3 worms
  A dart slug (D:1)
  A leopard gecko (D:1)
  5 orcs
  3 bats
  5 giant cockroaches
  10 goblins
  3 hobgoblins
  2 jackals (D:2)
  11 kobolds
  A quokka (D:3)
  A ball python (D:1)
  4 frilled lizards
  7 rats
60 creatures vanquished.

Vanquished Creatures (others)
  7 plants (D:2)
7 creatures vanquished.

Grand Total: 67 creatures vanquished

Notes
Turn   | Place    | Note
-------+----------+-------------------------------------------
     0 | D:1      | tatingo the Spriggan Brigand began the quest for the Orb.
     0 | D:1      | Reached XP level 1. HP: 10/10 MP: 2/2
    52 | D:1      | Reached skill level 6 in Stealth
   531 | D:1      | Reached XP level 2. HP: 11/14 MP: 3/3
  1244 | D:1      | You fall into a shaft and drop 1 floor!
  1262 | D:2      | Found a snail-covered altar of Cheibriados.
  1275 | D:2      | Reached XP level 3. HP: 18/18 MP: 4/4
  1303 | D:2      | Reached skill level 7 in Stealth
  1321 | D:2      | Found a sparkling altar of Nemelex Xobeh.
  1437 | D:2      | Found a radiant altar of Vehumet.
  2530 | D:3      | Noticed Grinder
  3106 | D:2      | Reached XP level 4. HP: 10/23 MP: 5/5
  4355 | D:3      | Found a hazy altar of Hepliaklqana.
  4531 | D:3      | Killed from afar by Grinder

Illustrated notes

Levels and vault maps discovered:
D:1:      dpeg_chamrin_arrival_tetris, layout_basic, minmay_domino_2
D:2:      layout_basic, nemelex_altar_shiori, cheibriados_altar_1,
          vehumet_crystals, serial_bayou_crossing
D:3:      layout_rooms, nicolae_overflow_hidden_temple, uniq_grinder
D:4:      cheibrodos_barr_body, layout_basic, marbit_many_paths

Skill      XL: |  1  2  3  4 |
---------------+-------------+-----
Stealth        | 6 7 |  7.7
Dodging        | 2 |  2.6
Short Blades   | 3 |  3.1
Fighting       | |  1.7
Throwing       | |  2.3

Action                   |  1- 3 |  4- 6 || total
-------------------------+-------+-------++-------
Melee: Dagger            |   162 |    63 ||   225
Throw: Dart              |    31 |    17 ||    48
  Use: Potion            |       |     1 ||     1
 Stab: Sleeping          |    15 |     1 ||    16
       Distracted        |     2 |       ||     2
       Invisible         |       |     1 ||     1
Armor: Robe              |    20 |     2 ||    22
Dodge: Dodged            |   141 |    61 ||   202

Table legend: (Time is in decaauts)
 A = Elapsed time spent in this place.
 B = Non-inter-level travel time spent in this place.
 C = Inter-level travel time spent in this place.
 D = Time resting spent in this place.
 E = Time spent auto-exploring this place.
 F = Levels seen in this place.
 G = Mean time per level.
                   A        B        C        D        E       F      G
               +--------+--------+--------+--------+--------+-----+--------+
         Total |   3776 |   3692 |     84 |   1920 |   1186 |   4 |  944.0 |
       Dungeon |   3776 |   3692 |     84 |   1920 |   1186 |   4 |  944.0 |
               +--------+--------+--------+--------+--------+-----+--------+

Top non-repeatable levels by time:
     D:2: 2149 daAuts
     D:1: 1009 daAuts
     D:3: 608 daAuts
     D:4: 9 daAuts
